 Dungeon Crawl Stone Soup version 0.18.1-48-g4cf74bf (webtiles) character file.

515 sudo the Slasher (level 7, -18/47 HPs)
             Began as a High Elf Chaos Knight on June 28, 2016.
             Demolished by an ogre
             ... wielding a +0 giant club
              (23 damage)
             ... on level 4 of the Dungeon.
             The game lasted 00:06:49 (3243 turns).

sudo the Slasher (High Elf Chaos Knight)            Turns: 3243, Time: 00:06:49

Health: -18/47     AC:  7    Str: 17      XL:     7   Next: 0%
Magic:  10/10      EV: 13    Int: 14 (17) God:    Xom [....*.]
Gold:   151        SH:  2    Dex: 13 (14) Spells: 1 memorised, 6 levels left

rFire  . . .     SeeInvis .     a - +0 falchion (chaos)
rCold  . . .     Gourm    .     b - +2 leather armour
rNeg   . . .     Faith    .     (no shield)
rPois  .         Spirit   .     (no helmet)
rElec  .         Dismiss  .     (no cloak)
rCorr  .         Reflect  +     (no gloves)
SustAt .         Harm     .     (no boots)
MR     .....                    e - +2 amulet of reflection
Stlth  +.........               l - +4 ring of strength
                                d - +2 ring of protection

@: not resistant to hostile enchantments, very unstealthy
A: no striking features
a: Renounce Religion


You were on level 4 of the Dungeon.
You worshipped Xom.
You were a beloved toy of Xom.
You were not hungry.

You visited 1 branch of the dungeon, and saw 4 of its levels.

You collected 151 gold pieces.

Inventory:

Hand Weapons
 a - a +0 falchion of chaos (weapon)
Armour
 b - a +2 leather armour (worn)
 f - a +0 ring mail
 t - a +0 robe
Jewellery
 d - a +2 ring of protection (left hand)
 e - a +2 amulet of reflection (around neck)
 h - an uncursed ring of protection from fire
 i - an uncursed ring of ice
 l - a +4 ring of strength (right hand)
Scrolls
 j - a scroll of recharging
 k - 2 scrolls of enchant armour {unknown}
 o - 2 scrolls of teleportation {unknown}
 p - a scroll of remove curse
 s - a scroll of enchant weapon {unknown}
Potions
 g - a potion of resistance
 u - a potion of flight
Books
 n - a book of Minor Magic

   Spells                             Type                      Level
   a - Magic Dart                     Conjuration                  1
   b - Blink                          Translocation                2
   c - Call Imp                       Summoning                    2
   d - Repel Missiles                 Charms/Air                   2
   e - Slow                           Hexes                        2
   f - Conjure Flame                  Conjuration/Fire             3
   g - Mephitic Cloud                 Conjuration/Poison/Air       3
 q - a book of Changes

   Spells                             Type                      Level
   a - Beastly Appendage              Transmutation                1
   b - Sticks to Snakes               Transmutation                2
   c - Spider Form                    Transmutation/Poison         3
   d - Ice Form                       Ice/Transmutation            4
   e - Blade Hands                    Transmutation                5
Comestibles
 c - 8 bread rations


   Skills:
 + Level 3.9 Fighting
 * Level 6.2 Long Blades
 + Level 2.6 Armour
 + Level 4.3 Dodging
 * Level 1.6 Spellcasting
 * Level 2.1 Transmutations


You had 6 spell levels left.
You knew the following spells:

 Your Spells              Type           Power        Failure   Level  Hunger
a - Spider Form           Trmt/Pois      #.........   71%         3    ####...


Dungeon Overview and Level Annotations

Branches:
Dungeon (4/15)
 Temple: D:4-7

Altars:
Gozag
Makhleb
Nemelex Xobeh
Pakellas
Xom
Zin


Message History

You feel less invigorated.
You feel less confused. The ogre misses you.
Unknown command.
The ogre hits you with a giant club!
You aren't carrying any items that you can evoke.
Unknown command.
Drink which item? (? for menu, Esc to quit)
It was a potion of cure mutation.
It has a very clean taste.
Your thinking seems confused.
Your rate of healing slows.
You no longer feel cold resistant.
The ogre hits you with a giant club!
* * * LOW HITPOINT WARNING * * *
The ogre misses you.
Unknown command.
Unknown command.
Unknown command.
The ogre hits you with a giant club!!
You die...
Xom laughs nastily!

......# #.. ...
.....####.##.##..#
..#............( ..#.#
............... ###..#.###
##......####.##.........<
#..###...........##....#
..####.......### ....#
.....####.##...####...####
#.##.####.####..@O#.......
#.........#######....#
#....####...# #.)....#
#....# ##.#.###.###..#######
..######..#..#..####......>.
......#..###.......§........
...................§§§...#.#
.......#######.##$.§.....#
.......## .##..$.....#


You could see an ogre.

Vanquished Creatures
  Grinder (D:4)
  A warg (D:4)
  A giant frog zombie (D:3)
  An orc wizard (D:3)
  An iguana (D:4)
  A gnoll (D:3)
  A river rat (D:2)
  3 adders
  A worm (D:3)
  A dart slug (D:1)
  2 giant geckos
  5 orcs
  8 bats
  5 giant cockroaches
  9 goblins
  5 hobgoblins
  10 jackals
  A quokka (D:3)
  2 giant gecko skeletons (D:4)
  3 giant newts (D:2)
  12 kobolds
  7 rats
81 creatures vanquished.

Vanquished Creatures (collateral kills)
  A gnoll (D:3)
  An orc (D:4)
2 creatures vanquished.

Vanquished Creatures (others)
  An orc wizard (D:4)
  A gnoll (D:3)
  An orc (D:4)
3 creatures vanquished.

Grand Total: 86 creatures vanquished

Notes
Turn   | Place    | Note
--------------------------------------------------------------
     0 | D:1      | sudo the High Elf Chaos Knight began the quest for the Orb.
     0 | D:1      | Reached XP level 1. HP: 16/16 MP: 2/2
   218 | D:1      | XOM: smoke on damage
   219 | D:1      | Reached skill level 4 in Long Blades
   219 | D:1      | Reached XP level 2. HP: 14/21 MP: 3/3
   428 | D:1      | Reached skill level 1 in Armour
   446 | D:1      | XOM: harmless Chrm miscast
   522 | D:1      | XOM: divination: detect creatures
   534 | D:1      | XOM: cast spell 'Spider Form'
   664 | D:1      | XOM: god gift: sapphire ring {god gift}
   871 | D:1      | Reached XP level 3. HP: 26/26 MP: 4/4
  1389 | D:2      | Reached skill level 5 in Long Blades
  1443 | D:1      | XOM: vitrification
  1457 | D:2      | Found a burning altar of Makhleb.
  1524 | D:2      | XOM: scenery: create altars
  1539 | D:2      | Found a glowing silver altar of Zin.
  1539 | D:2      | Noticed an angel
  1539 | D:2      | Noticed a cacodemon
  1601 | D:3      | XOM: vitrification
  1730 | D:3      | XOM: fake destruction
  1731 | D:3      | Reached XP level 4. HP: 13/31 MP: 5/5
  1873 | D:3      | XOM: scenery: create altars
  1913 | D:3      | XOM: snakes to sticks
  1962 | D:3      | Reached XP level 5. HP: 25/36 MP: 6/6
  2148 | D:3      | XOM: god gift: leatherbound book {god gift}
  2154 | D:3      | Learned a level 3 spell: Spider Form
  2283 | D:3      | XOM: vitrification
  2460 | D:2      | Found a sparkling altar of Nemelex Xobeh.
  2465 | D:2      | Found a shimmering altar of Xom.
  2495 | D:2      | XOM: 4-stop teleportation journey
  2640 | D:2      | XOM: give mutations
  2640 | D:2      | Gained mutation: Your flesh is cold resistant. [Xom's grace]
  2640 | D:2      | Gained mutation: You possess an exceptional clarity of mind. [Xom's grace]
  2640 | D:2      | Gained mutation: Your natural rate of healing is unusually fast. [Xom's grace]
  2642 | D:2      | Found an opulent altar of Gozag.
  2752 | D:2      | XOM: god gift: robe {god gift}
  2838 | D:4      | XOM: stealth player
  2851 | D:4      | Noticed Grinder
  2860 | D:4      | Noticed a warg
  2860 | D:4      | a worm changed into a warg
  2871 | D:4      | Killed a warg
  2871 | D:4      | Reached skill level 1 in Spellcasting
  2871 | D:4      | Reached skill level 1 in Transmutations
  2871 | D:4      | Reached XP level 6. HP: 30/43 MP: 6/8
  2886 | D:4      | XOM: summons friendly quasit
  2889 | D:4      | Paralysed by Grinder for 5 turns
  2924 | D:4      | Killed Grinder
  2924 | D:4      | Reached skill level 6 in Long Blades
  2961 | D:4      | XOM: summons friendly quasit
  3103 | D:4      | XOM: stat loss: -1 Int (14/17)
  3175 | D:4      | Found an oddly glowing altar of Pakellas.
  3220 | D:4      | Reached XP level 7. HP: 47/47 MP: 10/10
  3227 | D:4      | XOM: smoke on damage
  3240 | D:4      | Lost mutation: You possess an exceptional clarity of mind. [potion of cure mutation]
  3240 | D:4      | Lost mutation: Your natural rate of healing is unusually fast. [potion of cure mutation]
  3240 | D:4      | Lost mutation: Your flesh is cold resistant. [potion of cure mutation]
  3243 | D:4      | Demolished by an ogre

Skill      XL: |  1  2  3  4  5  6 |
---------------+-------------------+-----
Long Blades    | 4 5 6 |  6.2
Armour         | 1 2 |  2.6
Dodging        | 3 4 |  4.3
Spellcasting   | 1 |  1.6
Transmutations | 1 2 |  2.1
Fighting       | |  3.9

Action                   |  1- 3 |  4- 6 |  7- 9 || total
-------------------------+-------+-------+-------++-------
Melee: Falchion          |   141 |   142 |     6 ||   289
       Unarmed           |    16 |       |       ||    16
  Use: Scroll            |     3 |       |       ||     3
       Potion            |       |     5 |     2 ||     7
 Stab: Confused          |     1 |       |       ||     1
       Sleeping          |       |     1 |       ||     1
  Eat: Chunk             |     3 |       |       ||     3
       Bread ration      |       |     1 |       ||     1
Armor: Leather armour    |    15 |    25 |     1 ||    41
       Ring mail         |    76 |    25 |       ||   101
       Skin              |     2 |     9 |       ||    11
Dodge: Dodged            |   119 |   109 |    11 ||   239
